 Dungeon Crawl Stone Soup version 0.29.1-13-g9f3cf754e1 (webtiles) character file.

Game seed: 1739260936472770921

1145 SACREDBIBLE the Basher (level 8, 0/60 HPs)
             Began as a Formicid Fighter on Feb 11, 2023.
             Was an Initiate of Gozag.
             Succumbed to a scorpion's poison
             ... on level 5 of the Dungeon.
             The game lasted 00:06:44 (4456 turns).

SACREDBIBLE the Basher (Formicid Fighter)           Turns: 4456, Time: 00:06:45

Health: 0/60       AC:  0    Str: 23    XL:     8   Next: 64%
Magic:  8/8        EV: 17    Int:  8    God:    Gozag
Gold:   349        SH:  0    Dex: 18    Spells: 7/7 levels left

rFire   . . .      SeeInvis .   (weapon currently unavailable)
rCold   . . .      Faith    .   (shield currently unavailable)
rNeg    . . .      Spirit   .   (body armour currently unavailable)
rPois   .          Reflect  .   (helmet unavailable)
rElec   .          Harm     .   (cloak currently unavailable)
rCorr   .          Rampage  .   (gloves currently unavailable)
Will    .....                   (boots currently unavailable)
Stlth   ++........              (no amulet)
HPRegen 0.20/turn               (ring currently unavailable)
MPRegen 0.11/turn               (ring currently unavailable)

@: mighty, lethally poisoned (0 -> -10), bat-form, gold aura, flying, very quick
A: fast, flying, no casting, permanent stasis, dig shafts and tunnels, tiny,
(antennae 3), four strong arms
a: Renounce Religion, Potion Petition, Call Merchant, Bribe Branch


You were on level 5 of the Dungeon.
You worshipped Gozag.
Gozag was aware of your devotion.
You were a bat.
You visited 1 branch of the dungeon, and saw 5 of its levels.

You collected 413 gold pieces.
You paid 64 gold pieces to Gozag.

Inventory:

Hand Weapons
 u - a +0 lajatang (melded)
Missiles
 z - a throwing net
Armour
 a - a +0 cloak (melded)
 c - a +0 buckler (melded)
 m - a +0 chain mail (melded)
 t - a +0 pair of boots (melded)
Jewellery
 v - a +6 ring of dexterity (melded)
 x - an amulet of regeneration
Wands
 i - a wand of flame (8)
 p - a wand of mindburst (11)
 r - a wand of charming (7)
 s - a wand of acid (3)
Scrolls
 f - 2 scrolls of magic mapping {unknown}
 g - a scroll of enchant armour {unknown}
 l - a scroll of vulnerability {unknown}
 n - a scroll of immolation {unknown}
 o - 3 scrolls of identify {unknown}
 w - a scroll of fear {unknown}
 y - a scroll of brand weapon {unknown}
 A - a scroll of summoning {unknown}
 B - a scroll of noise {unknown}
Potions
 b - a potion of invisibility {unknown}
 d - a potion of might
 e - a potion of brilliance {unknown}
 h - 2 potions of mutation {unknown}
 j - 3 potions of curing {unknown}
 k - a potion of berserk rage {unknown}
 q - 3 potions of flight {unknown}


   Skills:
 + Level 3.9 Fighting
 * Level 8.4 Maces & Flails
 * Level 4.5 Armour
 - Level 4.0 Shields
 + Level 3.9 Evocations


You had 7 spell levels left.
You didn't know any spells.
Your spell library contained the following spells:

 Spells                   Type           Power      Damage    Failure   Level
 Summon Forest            Summ/Tloc      0%         N/A       100%        5
 Summon Mana Viper        Hex/Summ       0%         N/A       100%        5
 Summon Cactus Giant      Summ           0%         N/A       100%        6


Dungeon Overview and Level Annotations

Branches:
Dungeon (5/15)             Temple (0/1) D:4

Altars:
Fedhas
Gozag
Xom

Shops:
D:1 *

Annotations:
D:5 Grinder


Innate Abilities, Weirdness & Mutations

You are a bat.
You are tiny and dextrous.
You move quickly.
You are flying.
Your equipment is almost entirely melded.
You are incapable of wielding weapons or throwing items.
You cannot cast spells.
You cannot be hasted, slowed, berserked, paralysed or teleported.
You can dig through walls and to a lower floor.
((You have a pair of large antennae on your head. (SInv)))
Your four strong arms can wield two-handed weapons with a shield.


Message History

Grinder gestures at you. You resist with some effort.
The scorpion closely misses you.
You hit Grinder.
Grinder is lightly wounded.
The scorpion stings you.
You are poisoned.
The scorpion poisons you! Grinder hits you!
You writhe in agony.
You bite Grinder!
Grinder is heavily wounded.
You feel very sick. The scorpion misses you. Grinder closely misses you.
You bite Grinder!
Grinder is severely wounded.
You feel sick. The scorpion closely misses you.
Grinder is distracted by your dazzling golden aura.
Grinder shouts!
You barely miss Grinder.
Grinder is no longer distracted by gold.
Grinder is severely wounded.
You feel sick. The scorpion stings you. Grinder closely misses you.
You hit Grinder.
Grinder is severely wounded.
You feel sick. The scorpion completely misses you.
You hit Grinder.
Grinder is almost dead.
You feel sick.
Grinder says, "Mostly I couldn't keep them alive."
Grinder closely misses you. The scorpion stings you!
* * * LOW HITPOINT WARNING * * *
You hit Grinder but do no damage.
Grinder is almost dead.
You feel sick. The scorpion stings you!
* * * LOW HITPOINT WARNING * * *
You are more poisoned.
The scorpion poisons you!
Grinder blinks!
* * * LOW HITPOINT WARNING * * *
You feel sick. The scorpion misses you.
Items here: $ )) [[.
You die...
Your body crumbles into a pile of gold.

...##. ###.######
......#. #..#
.... ... ##.##
..... #.## #..#
.....##..###.##
........5$...#
.......#$#####
.......#$####
.).....b§$..#
.....###.s#......
#.. ##..###### ..
##.# )# .# .. ..


You could see Grinder and a scorpion.

Vanquished Creatures
  Sigmund (D:2)
  Edmund (D:5)
  A black bear (D:4)
  An ogre (D:4)
  A necrophage (D:5)
  The ghost of SilverX5502 the Shield-Bearer, a weakling MiFi (D:3)
  A howler monkey (D:5)
  2 jellies
  2 orc priests (D:5)
  2 hounds
  Terence (D:2)
  6 orc wizards
  7 adders
  An ufetubus (D:4)
  A dart slug (D:3)
  13 orcs
  9 endoplasms
  5 giant cockroaches
  6 goblins
  6 hobgoblins
  7 jackals
  6 quokkas
  5 ball pythons
  7 bats
  3 frilled lizards
  5 kobolds
  8 rats
109 creatures vanquished.

Notes
Turn   | Place    | Note
-------+----------+-------------------------------------------
     0 | D:1      | SACREDBIBLE the Formicid Fighter began the quest for the
                  | Orb.
     0 | D:1      | Reached XP level 1. HP: 18/18 MP: 1/1
    26 | D:1      | Found Riutadebb's General Store.
    79 | D:1      | Reached XP level 2. HP: 24/24 MP: 2/2
   415 | D:1      | Reached skill level 3 in Maces & Flails
   618 | D:2      | Noticed Sigmund
   635 | D:2      | Killed Sigmund
   636 | D:2      | Reached skill level 5 in Maces & Flails
   636 | D:2      | Reached XP level 3. HP: 10/29 MP: 3/3
   636 | D:2      | Reached XP level 4. HP: 12/35 MP: 4/4
   636 | D:2      | Reached XP level 5. HP: 14/41 MP: 5/5
   876 | D:2      | Reached XP level 6. HP: 47/47 MP: 6/6
  1057 | D:2      | Found a shimmering altar of Xom.
  1097 | D:2      | Reached skill level 6 in Maces & Flails
  1155 | D:2      | Noticed Terence
  1162 | D:2      | Killed Terence
  2487 | D:3      | Found a runed translucent gate.
  2488 | D:3      | Found a runed translucent gate.
  2488 | D:3      | Found a runed translucent gate.
  2489 | D:3      | Found an opulent altar of Gozag.
  2489 | D:3      | Noticed SilverX5502's ghost (weakling MiFi)
  2986 | D:3      | Reached skill level 1 in Evocations
  2990 | D:3      | Killed SilverX5502's ghost
  2991 | D:3      | Reached XP level 7. HP: 38/52 MP: 7/7
  3005 | D:3      | Became a worshipper of Gozag Ym Sagoz the Greedy
  3132 | D:4      | Reached skill level 7 in Maces & Flails
  3351 | D:4      | Found a blossoming altar of Fedhas.
  3352 | D:4      | Found a staircase to the Ecumenical Temple.
  3952 | D:4      | Reached XP level 8. HP: 57/58 MP: 8/8
  4227 | D:5      | Entered Level 5 of the Dungeon
  4227 | D:5      | Noticed Edmund
  4236 | D:5      | Killed Edmund
  4237 | D:5      | Reached skill level 8 in Maces & Flails
  4360 | D:5      | Identified the +7 rapier "Majec" {drain, Fragile rElec rF+
                  | rC+}
  4441 | D:5      | Noticed Grinder
  4454 | D:5      | HP: 3/60 [scorpion (7)]
  4455 | D:5      | HP: 1/60 [poisoned by a scorpion]
  4456 | D:5      | Succumbed to a scorpion's poison

Illustrated notes

Levels and vault maps discovered:
D:1:      amcnicky_arrival_choice, layout_rooms, serial_shops,
          nicolae_diamond_shop, corner_web_ring
D:2:      layout_loops_ring, basic_altar, uniq_sigmund, uniq_terence
D:3:      minmay_thinvault, layout_basic, ebering_ghost_gozag
D:4:      layout_cave_pods, mainiacjoe_overflow_small_starburst,
          minmay_temple_entry_tees
D:5:      layout_rooms, uniq_edmund, uniq_grinder, uniq_pikel

Skill      XL: |  1  2  3  4  5  6  7  8 |
---------------+-------------------------+-----
Maces & Flails | 5 6 7 8 |  8.4
Evocations     | 1 3 |  3.9
Armour         | 4 |  4.5
Fighting       | |  3.9
Shields        | |  4.0

Action                   |  1- 3 |  4- 6 |  7- 9 || total
-------------------------+-------+-------+-------++-------
Melee: Flail             |    44 |   121 |       ||   165
       Lajatang          |       |    12 |   121 ||   133
       Unarmed           |       |       |     9 ||     9
  Use: Potion            |       |       |     1 ||     1
 Stab: Distracted        |       |       |     1 ||     1
Armor: Scale mail        |    17 |    17 |       ||    34
       Chain mail        |       |    44 |    91 ||   135
Dodge: Dodged            |    18 |    49 |    70 ||   137
Block: Buckler           |    11 |    19 |    37 ||    67
